Map: Frostline LE

Players

SenorPerfect

  • Race: Protoss Protoss
  • League: Silver
  • Spawn Location: 1:00

WeAreLegion - Winner!

  • Race: Terran Terran
  • League: Silver
  • Spawn Location: 7:00

VOD

Have the link to the VOD?

Description

Time

  • Played on: Dec. 8, 2024, 4:09 p.m.
  • Length: 12:03
Show
View Real Time Build Order
Export as new Build Order

SenorPerfect Protoss 

Build Orders: Dark Templar Rush 

Get SALT Encoding   

  12  0:00  Probe  
  13  0:12  Probe  
  14  0:26  Pylon  
  14  0:27  Probe  
  15  0:34  Assimilator  
  15  0:43  Probe  
  15  0:46  Gateway  
  16  0:51  Probe  
  16  0:53  Assimilator  
  17  0:59  Probe  
  18  1:12  Probe  
  18  1:14  Pylon  
  19  1:20  Probe  
  20  1:29  Probe  
  21  1:39  Cybernetics Core  
  21  1:42  Probe  
  22  2:02  Nexus  
  22  2:05  Pylon  
  22  2:09  Probe  
  23  2:22  Twilight Council  
  23  2:31  Probe  
  24  3:04  Gateway  
  24  3:05  Pylon  
  24  3:08  Robotics Facility  
  24  3:10  Robotics Facility x2  
  24  3:12  Probe  
  25  3:15  Probe  
  26  3:22  Stalker  
  26  3:29  Probe x2  
  30  3:36  Charge  
  30  3:44  Dark Shrine  
  30  3:47  Probe  
  30  3:48  Stalker  
  32  3:59  Probe  
  32  4:01  Probe  
  34  4:06  Assimilator  
  34  4:09  Assimilator  
  34  4:11  Probe  
  34  4:12  Shield Battery  
  34  4:13  Probe  
  36  4:22  Observer x2  
  36  4:23  Probe  
  39  4:32  Observer, Probe  
  39  4:34  Probe  
  42  4:40  Probe  
  42  4:42  Probe  
  43  4:48  Probe  
  43  4:50  Probe  
  45  4:59  Probe  
  46  5:02  Probe  
  48  5:10  Pylon  
  48  5:12  Probe  
  49  5:14  Probe  
  49  5:15  Forge  
  49  5:18  Forge  
  50  5:24  Probe  
  50  5:26  Pylon  
  51  5:35  Robotics Bay  
  51  5:36  Nexus  
  51  5:39  Pylon  
  51  5:43  Immortal  
  51  5:48  Protoss Shields Level 1  
  55  5:50  Protoss Ground Weapons Level 1  
  55  5:56  Forge  
  54  6:02  Gateway  
  54  6:03  Gateway  
  54  6:09  Probe  
  55  6:11  Probe  
  51  6:34  Probe x2  
  51  6:38  Warp Gate, Photon Cannon  
  53  6:41  Photon Cannon  
  53  6:53  Photon Cannon  
  53  6:56  Pylon  
  53  7:00  Probe x2  
  51  7:04  Probe  
  51  7:05  Protoss Ground Armor Level 1  
  52  7:12  Probe  
  52  7:14  Assimilator  
  53  7:16  Assimilator, Colossus  
  53  7:17  Colossus  
  53  7:19  Disruptor, Extended Thermal Lance  
  53  7:21  Probe x2  
  71  7:31  Probe  
  71  7:33  Probe x2  
  74  7:38  Pylon  
  74  7:46  Protoss Ground Weapons Level 2  
  74  7:47  Pylon  
  74  7:48  Protoss Shields Level 2  
  74  7:52  Probe x2  
  74  7:53  Probe  
  81  7:58  Immortal  
  81  8:04  Probe x2  
  83  8:13  Blink  
  83  8:16  Probe  
  83  8:18  Probe x2  
  86  8:25  Photon Cannon  
  86  8:32  Photon Cannon  
  86  8:38  Photon Cannon  
  86  8:52  Photon Cannon  
  86  8:54  Photon Cannon  
  86  8:56  Photon Cannon  
  86  9:00  Gateway x2  
  86  9:04  Gateway  
  86  9:05  Gateway  
  86  9:11  Pylon  
  86  9:17  Pylon  
  86  9:20  Gateway  
  86  9:21  Gateway  
  86  9:26  Probe x3  
  89  9:33  Observer x2  
  89  9:34  Immortal  
  89  9:36  Zealot  
  89  9:38  Probe  
  98  9:42  Sentry x2  
  98  9:44  Stalker  
  104  9:55  Gravitic Boosters  
  104  10:10  Dark Templar  
  104  10:11  Dark Templar  
  108  10:21  Nexus  
  102  10:24  Assimilator x2  
  78  10:31  Dark Templar x3  
  78  10:32  Dark Templar x3  
  56  10:53  Zealot x4  
  64  10:58  Disruptor  
  64  10:59  Disruptor  
  72  11:05  Zealot  
  59  11:21  Dark Templar  
  59  11:22  Dark Templar x2  
  59  11:24  Dark Templar  
  56  11:26  Archon  
  52  11:34  Archon  
  50  11:44  Probe  
  50  11:45  Probe  
Show
View Real Time Build Order
Export as new Build Order

WeAreLegion Terran - Winner!

Build Orders: Reaper Expand 

Get SALT Encoding   

  12  0:12  SCV  
  13  0:22  Supply Depot  
  13  0:24  SCV  
  14  0:37  SCV  
  15  0:49  SCV  
  16  0:54  Barracks  
  16  1:01  SCV, Refinery  
  17  1:14  SCV  
  18  1:27  SCV  
  19  1:41  Orbital Command  
  19  1:44  Reaper  
  20  1:50  Command Center  
  20  1:57  Supply Depot  
  20  2:06  SCV  
  21  2:22  Factory  
  21  2:24  SCV  
  21  2:26  Marine  
  23  2:36  SCV  
  24  2:42  Refinery  
  24  2:48  SCV, Barracks Reactor  
  25  3:00  SCV  
  25  3:02  Barracks  
  27  3:06  Orbital Command  
  27  3:12  SCV  
  27  3:19  Starport  
  27  3:21  Widow Mine  
  27  3:24  SCV  
  27  3:26  Marine  
  27  3:27  Marine  
  32  3:36  SCV  
  33  3:43  SCV  
  34  3:48  SCV  
  34  3:53  Widow Mine  
  34  3:55  Barracks Tech Lab, SCV  
  38  3:59  Engineering Bay  
  38  4:01  SCV  
  39  4:07  SCV  
  39  4:12  Medivac  
  39  4:13  Marine x2  
  39  4:15  Marine  
  44  4:19  SCV  
  44  4:23  SCV  
  46  4:30  Missile Turret  
  46  4:34  Missile Turret  
  46  4:38  Missile Turret  
  46  4:40  Missile Turret  
  46  4:41  Missile Turret  
  46  4:46  SCV x2, Marine  
  46  4:49  Supply Depot  
  46  4:50  Supply Depot  
  49  4:58  SCV x2, Marine x2  
  53  5:03  Starport Tech Lab  
  53  5:10  SCV  
  53  5:12  Marine  
  53  5:13  Supply Depot  
  56  5:14  Supply Depot, SCV  
  56  5:16  Marine x2  
  56  5:18  Factory Tech Lab  
  58  5:23  SCV  
  58  5:24  Barracks  
  58  5:26  SCV  
  60  5:30  Raven, Marine  
  60  5:33  Marine  
  60  5:34  Marine  
  60  5:35  SCV  
  66  5:38  SCV  
  67  5:47  SCV  
  67  5:48  Marine, Refinery  
  69  5:50  SCV, Refinery  
  69  5:51  Marine x2  
  72  5:59  Terran Infantry Weapons Level 1  
  72  6:01  Siege Tank  
  72  6:02  Command Center  
  75  6:06  Marauder  
  77  6:11  SCV x2  
  77  6:16  Marine  
  77  6:17  Marine x2  
  82  6:23  SCV x2  
  84  6:27  Marine  
  85  6:34  Marine  
  86  7:07  SCV, Marine  
  86  7:11  Marine  
  86  7:12  SCV  
  86  7:13  Marine  
  86  7:14  Marauder  
  89  7:17  Siege Tank  
  92  7:24  SCV, Marine  
  92  7:29  Starport, Marine  
  95  7:31  Marine  
  95  7:33  Starport Reactor  
  95  7:34  Marine  
  97  7:42  Marine  
  98  7:47  Marine  
  98  7:49  Marine  
  100  7:52  Marine  
  100  7:53  Terran Infantry Armor Level 1  
  100  7:56  Siege Tank  
  100  7:58  Supply Depot  
  104  7:59  Supply Depot  
  104  8:00  Marine  
  104  8:05  Marine  
  106  8:07  Marine  
  106  8:10  Barracks  
  106  8:11  Marauder, Armory  
  109  8:13  Engineering Bay  
  109  8:19  Marine  
  110  8:21  Supply Depot, SCV x2  
  110  8:22  SCV  
  110  8:23  Marine  
  110  8:24  Marine  
  115  8:27  Supply Depot  
  115  8:28  Siege Tank, Refinery  
  115  8:29  Refinery  
  115  8:31  Medivac x2  
  115  8:32  Marauder  
  124  8:37  Marine  
  125  8:42  Marine x2  
  125  8:44  Supply Depot  
  127  8:53  Marauder  
  127  8:55  Marine  
  130  8:59  Supply Depot  
  130  9:00  Siege Tank, Marine x2  
  130  9:01  Medivac  
  130  9:02  Medivac  
  139  9:07  Supply Depot  
  139  9:15  Marauder  
  142  9:18  Marine x2, Barracks Reactor  
  142  9:21  Barracks Tech Lab, Stimpack  
  143  9:29  Barracks  
  143  9:31  Medivac  
  143  9:32  Siege Tank  
  143  9:36  Marine x2, Marauder  
  152  9:45  Supply Depot x2  
  152  9:47  Terran Infantry Weapons Level 2  
  152  9:50  Marine  
  153  9:53  Marine x2  
  153  9:58  Marauder, Command Center  
  157  10:04  Siege Tank  
  160  10:08  Supply Depot, Marine  
  160  10:09  Supply Depot  
  159  10:19  Marauder  
  147  10:26  Marauder  
  135  10:32  Supply Depot  
  131  10:36  Siege Tank  
  131  10:40  Marauder  
  134  10:47  Marauder  
  131  10:55  Supply Depot  
  131  11:01  Marine x2  
  131  11:02  Marauder  
  131  11:03  Viking x2  
  139  11:09  Marauder  
  137  11:33  Viking x2  
Tags
 
Add a new tag
Caveats
  • Supply blocks, unpowered buildings, or Contaminate may cause inaccurate times.
  • Supply counts are checked every 10 seconds.